 Dungeon Crawl Stone Soup version 0.30-a0-782-ge64f9170bb (webtiles) character file.

Game seed: 7620668368906320

70 vineage the Trooper (level 4, -1/31 HPs)
             Began as a Gargoyle Fighter on Mar 2, 2023.
             Slain by a crimson imp
             ... wielding a +0 dagger of chaos
              (9 damage)
             ... on level 3 of the Dungeon.
             The game lasted 00:01:46 (1761 turns).

vineage the Trooper (Gargoyle Fighter)              Turns: 1761, Time: 00:01:47

Health: -1/31      AC: 12    Str: 21    XL:     4   Next: 22%
Magic:  4/4        EV:  7    Int:  9    God:
Gold:   64         SH:  4    Dex:  9    Spells: 3/3 levels left

rFire   . . .      SeeInvis .    a - +0 flail
rCold   . . .      Faith    .    c - +0 buckler
rNeg    + . .      Spirit   .    g - +0 chain mail
rPois   ∞          Reflect  .    (no helmet)
rElec   +          Harm     .    (no cloak)
rCorr   .          Rampage  .    (no gloves)
Will    .....                    (no boots) Stlth
                                 (no amulet)
HPRegen 0.25/turn                (no ring)
MPRegen 0.09/turn                (no ring)

@: no status effects
A: sickness immunity, AC +3, negative energy resistance 1, electricity
resistance, torment resistance 1, petrification resistance
a: no special abilities


You were on level 3 of the Dungeon.
You visited 1 branch of the dungeon, and saw 3 of its levels.

You collected 64 gold pieces.

Inventory:

Hand Weapons
 a - a +0 flail (weapon)
Armour
 c - a +0 buckler (worn)
 g - a +0 chain mail (worn)
Jewellery
 h - a ring of protection from cold
Scrolls
 e - a scroll of magic mapping
Potions
 d - a potion of might
 k - a potion of brilliance


   Skills:
 + Level 5.4 Fighting
 - Level 2.0 Maces & Flails
 - Level 3.2 Armour
 - Level 3.2 Shields


You had 3 spell levels left.
You didn't know any spells.
Your spell library contained the following spells:

 Spells                   Type           Power      Damage    Failure   Level
 Petrify                  Tmut/Erth      0%         N/A       100%        4
 Irradiate                Conj/Tmut      0%         3d11      100%        5
 Sublimation of Blood     Necr           Unusable   N/A       N/A         2

Dungeon Overview and Level Annotations

Branches:
Dungeon (3/15)

Altars:
Xom


Innate Abilities, Weirdness & Mutations

You are immune to sickness and miasma.
Your stone body is resilient. (AC +3)
You are immune to poison.
You resist negative energy. (rN+)
You are resistant to electric shocks. (rElec)
You are resistant to unholy torment.
You are immune to petrification.


Message History

You feel less confused. The crimson imp misses you.
You hit the crimson imp.
The crimson imp is lightly wounded.
The crimson imp closely misses you.
You hit the crimson imp.
The crimson imp is lightly wounded.
The crimson imp hits you but does no damage.
The crimson imp misses you.
You barely miss the crimson imp. The crimson imp misses you.
You closely miss the crimson imp.
You feel a little less agile now. You block the crimson imp's attack.
You hit the crimson imp but do no damage.
The crimson imp hits you but does no damage.
The crimson imp blinks!
The crimson imp barely misses you.
You barely miss the crimson imp. The crimson imp barely misses you.
You barely miss the crimson imp.
The crimson imp blinks!
You miss the crimson imp.
The crimson imp blinks!
You barely miss the crimson imp.
The crimson imp blinks!
The crimson imp barely misses you.
You closely miss the crimson imp.
The crimson imp hits you with a +0 dagger of chaos.
You resist with some effort.
The crimson imp hits you but does no damage.
The crimson imp barely misses you. The crimson imp completely misses you.
You hit the crimson imp.
The crimson imp is heavily wounded.
The crimson imp hits you but does no damage.
Space warps around you. The crimson imp hits you.
You barely miss the crimson imp.
The crimson imp is moderately wounded.
The crimson imp hits you with a +0 dagger of chaos.
The crimson imp blinks! x2
You barely miss the crimson imp.
The crimson imp is moderately wounded.
The crimson imp hits you with a +0 dagger of chaos.
* * * LOW HITPOINT WARNING * * *
Space warps horribly around you!
You die...

#..##.#.# #...
.##.......#.....
#................
#####.###.##....#
####.# #.# ....#
#....###.#######
#.............#
#....###.####5#
#..5.# #....#@#
#....# ###..#5#
#...[#####..#§#
#.............#
#.............#
#.......5....##
#####........#
####'##### ^...^


You could see 2 crimson imps.

Vanquished Creatures
  An adder (D:2)
  3 worms
  2 dart slugs (D:1)
  8 ball pythons
  3 bats
  2 endoplasms
  A giant cockroach (D:3)
  3 goblins
  4 hobgoblins
  5 jackals
  2 quokkas
  6 frilled lizards
  2 kobolds
  6 rats
48 creatures vanquished.

Notes
Turn   | Place    | Note
-------+----------+-------------------------------------------
     0 | D:1      | vineage the Gargoyle Fighter began the quest for the Orb.
     0 | D:1      | Reached XP level 1. HP: 14/14 MP: 1/1
    84 | D:1      | Reached XP level 2. HP: 18/20 MP: 2/2
   139 | D:1      | Reached skill level 4 in Fighting
   328 | D:1      | Reached XP level 3. HP: 24/24 MP: 3/3
  1218 | D:2      | Reached skill level 5 in Fighting
  1512 | D:2      | Reached XP level 4. HP: 31/31 MP: 4/4
  1671 | D:3      | Found a shimmering altar of Xom.
  1761 | D:3      | Slain by a crimson imp

Illustrated notes

Levels and vault maps discovered:
D:1:      minmay_arrival_stone_box, layout_basic
D:2:      layout_basic
D:3:      layout_basic, led_xom_imps, minmay_misc_feat_rows

Skill      XL: |  1  2  3 |
---------------+----------+-----
Fighting       | 4 5 |  5.4
Maces & Flails | |  2.0
Armour         | |  3.2
Shields        | |  3.2

Action                     |  1- 3 |  4- 6 || total
---------------------------+-------+-------++-------
  Melee: Flail             |   111 |    68 ||   179
    Use: Scroll            |     1 |     5 ||     6
 Armour: Scale mail        |     9 |       ||     9
         Chain mail        |    69 |    38 ||   107
  Dodge: Dodged            |    36 |    37 ||    73
  Block: Buckler           |    19 |    11 ||    30

Table legend: (Time is in decaauts)
 A = Elapsed time spent in this place.
 B = Non-inter-level travel time spent in this place.
 C = Inter-level travel time spent in this place.
 D = Time resting spent in this place.
 E = Time spent auto-exploring this place.
 F = Levels seen in this place.
 G = Mean time per level.
                   A        B        C        D        E       F      G
               +--------+--------+--------+--------+--------+-----+--------+
         Total |   1820 |   1769 |     51 |      0 |   1340 |   3 |  606.7 |
       Dungeon |   1820 |   1769 |     51 |      0 |   1340 |   3 |  606.7 |
               +--------+--------+--------+--------+--------+-----+--------+

Top non-repeatable levels by time:
     D:2: 870 daAuts
     D:1: 762 daAuts
     D:3: 187 daAuts
